 Dungeon Crawl Stone Soup version 0.22-a0-283-g1871b15 (webtiles) character file.

46 Ijustatesigmund the Shield-Bearer (level 3, 0/26 HPs)
             Began as an Octopode Fighter on Mar 19, 2018.
             Slain by a jackal (2 damage)
             ... on level 2 of the Dungeon.
             The game lasted 00:02:21 (887 turns).

Ijustatesigmund the Shield-Bearer (Octopode Fighter) Turns: 887, Time: 00:02:22

Health: 0/26       AC:  1    Str: 20    XL:     3   Next: 66%
Magic:  3/3        EV: 12    Int: 11    God:
Gold:   49         SH: 10    Dex: 11    Spells: 2/2 levels left

rFire    . . .     SeeInvis .   a - +0 war axe
rCold    . . .     Gourm    .   b - +1 shield
rNeg     . . .     Faith    .   (helmet restricted)
rPois    .         Spirit   .   (no amulet)
rElec    .         Reflect  .   (no ring)
rCorr    .         Harm     .   (no ring)
MR       .....                  (no ring)
Stlth    ++........             (no ring)
HPRegen  0.08/turn              (no ring)
MPRegen  0.08/turn              (no ring)
                                (no ring)
                                (no ring)

@: mighty
A: almost no armour, stealthy swim, amphibious, 8 rings, constrict 8, camouflage
1, gelatinous body 1
a: no special abilities


You were on level 2 of the Dungeon.
You were not hungry.

You visited 1 branch of the dungeon, and saw 2 of its levels.

You collected 49 gold pieces.

Inventory:

Hand Weapons
 a - a +0 war axe (weapon)
Armour
 b - a +1 shield (worn)
Scrolls
 g - 2 scrolls of identify
Potions
 h - a potion of magic
Comestibles
 d - 3 rations


   Skills:
 + Level 3.3 Fighting
 + Level 2.6 Axes
 + Level 3.4 Dodging
 + Level 3.4 Shields


You had 2 spell levels left.
You didn't know any spells.

Dungeon Overview and Level Annotations

Branches:
Dungeon (2/15)

Altars:

Annotations:
D:2 Robin


Innate Abilities, Weirdness & Mutations

You cannot wear most types of armour.
You are very stealthy in the water. (Stealth+)
You are amphibious.
You can wear up to eight rings at the same time.
You can use your tentacles to constrict eight enemies at once.
Your skin changes colour to match your surroundings (Stealth+).
Your rubbery body absorbs attacks. (AC +1, EV +1)


Message History

The jackal bites you.
* * * LOW HITPOINT WARNING * * *
You block the jackal's attack.
You slash the jackal!
You kill the jackal!
You barely miss the jackal. You closely miss the jackal. x2
The jackal barely misses you. The jackal bites you.
* * * LOW HITPOINT WARNING * * *
The jackal bites you but does no damage.
Robin roars a battlecry!
The goblin goes into a battle-frenzy!
You block the jackal's attack. The jackal bites you.
* * * LOW HITPOINT WARNING * * *
The jackal barely misses you. Robin hits you but does no damage.
You slash the jackal!
You kill the jackal!
You hit the jackal. You slash the goblin!
You kill the goblin!
You barely miss the jackal. The jackal bites you.
You die...

.# .# .#
##.# # ...#
#.###..#
#).##.))).##
..<.g.gh)h.#
##..#.##@#.#
........#
.....#g.#
###.. #..#
... #..# ..
#..# # #...
##.#


You could see Robin, 2 jackals and 2 goblins.

Vanquished Creatures
  A dart slug (D:1)
  6 goblins (D:2)
  9 hobgoblins
  4 jackals (D:2)
  5 kobolds (D:1)
  5 bats (D:1)
  3 frilled lizards (D:1)
  7 rats (D:1)
40 creatures vanquished.

Notes
Turn   | Place    | Note
-------+----------+-------------------------------------------
     0 | D:1      | Ijustatesigmund the Octopode Fighter began the quest for the Orb.
     0 | D:1      | Reached XP level 1. HP: 16/16 MP: 1/1
   175 | D:1      | Reached XP level 2. HP: 20/21 MP: 2/2
   600 | D:1      | Reached XP level 3. HP: 26/26 MP: 3/3
   878 | D:2      | Noticed Robin
   886 | D:2      | HP: 1/26 [jackal (2)]
   887 | D:2      | Slain by a jackal

Vault maps used:
D:1:      dpeg_arrival_water_altar, minmay_hedge_maze
D:2:      chequers_ecumenical_altar_island, uniq_sigmund, uniq_robin

Action                   || total
-------------------------++-------
Melee: War axe           ||    76
       Tentacles         ||    16
       Constrict         ||     9
  Use: Scroll            ||     3
       Potion            ||     1
 Stab: Sleeping          ||     5
Armor: Skin              ||     6
Dodge: Dodged            ||    32
Block: Shield            ||    36

Table legend:
 A = Spawn XP
 B = Non-spawn XP
 C = Spawn XP percentage of total XP
 D = Spawn monster count
 E = Non-spawn monster count
 F = Spawn count percentage of total count
 G = Total turns spent on level
                    A         B        C        D         E        F      G
               +---------+---------+-------+---------+---------+-------+---------
         Total |       0 |      66 |   0.0 |       0 |      40 |   0.0 |   887
               +---------+---------+-------+---------+---------+-------+---------
           D:1 |       0 |      39 |   0.0 |       0 |      26 |   0.0 |   855
           D:2 |       0 |      27 |   0.0 |       0 |      14 |   0.0 |    32
               +---------+---------+-------+---------+---------+-------+---------
